 Dungeon Crawl Stone Soup version 0.31-a0-986-g5e6e4ef867 (webtiles) character file.

Game seed: 11433367557730036854

357 horus123 the Conjurer (level 6, -2/35 HPs)
             Began as a Deep Elf Enchanter on Nov 20, 2023.
             Slain by an ogre
             ... wielding a +0 giant club
              (19 damage)
             ... on level 4 of the Dungeon.
             The game lasted 00:07:42 (3053 turns).

horus123 the Conjurer (Deep Elf Enchanter)          Turns: 3053, Time: 00:07:42

Health: -2/35      AC:  5    Str:  5    XL:     6   Next: 36%
Magic:  6/21       EV: 12    Int: 20    God:
Gold:   173        SH:  0    Dex: 17    Spells: 3/11 levels left

rFire   . . .        l - +3 short sword (drain)
rCold   . . .        (no shield)
rNeg    + . .        r - +2 leather armour {rN+}
rPois   .            (no helmet)
rElec   .            (no cloak)
rCorr   .            (no gloves)
SInv    .            (no boots)
Will    .....        (no amulet)
Stlth   ++           i - ring of magical power
HPRegen 0.25/turn    o - ring of flight
MPRegen 0.17/turn

%: no passive effects
@: confusing by touch, flying, very slightly contaminated
A: no striking features
a: no special abilities


You were on level 4 of the Dungeon.
You visited 1 branch of the dungeon, and saw 4 of its levels.

You collected 173 gold pieces.

Inventory:

Hand Weapons
 a - a +2 dagger
 l - a +3 short sword of draining (weapon)
Missiles
 k - 4 poisoned darts
Armour
 b - a +1 robe
 r - a +2 leather armour of positive energy (worn)
Jewellery
 i - a ring of magical power (left hand)
 o - a ring of flight (right hand)
Scrolls
 d - 3 scrolls of noise
 e - 4 scrolls of teleportation
 h - 2 scrolls of fog
 m - 2 scrolls of summoning
 p - a scroll of immolation {unknown}
 q - a scroll of identify
Potions
 c - 2 potions of invisibility
 f - a potion of degeneration {unknown}
 g - a potion of ambrosia {unknown}
 j - 3 potions of curing {unknown}
 n - a potion of lignification {unknown}


   Skills:
 - Level 2.0 Fighting
 - Level 1.0 Short Blades
 - Level 2.4 Dodging
 - Level 3.6 Stealth
 - Level 3.0 Spellcasting
 - Level 5.0 Conjurations
 + Level 5.0 Hexes
 - Level 2.6 Ice Magic


You had 3 spell levels left.
You knew the following spells:

 Your Spells              Type           Power      Damage    Failure   Level
a - Ensorcelled Hibernat  Hex/Ice        36%        N/A       8%          2
b - Dazzling Flash        Conj/Hex       46%        N/A       9%          3
c - Confusing Touch       Hex            23%        N/A       9%          3

Your spell library contained the following spells:

 Spells                   Type           Power      Damage    Failure   Level
 Tukima's Dance           Hex            23%        N/A       9%          3
 Blink                    Tloc           6%         N/A       34%         2
 Volatile Blastmotes      Fire/Tloc      6%         2d10      56%         3
 Manifold Assault         Tloc           3%         N/A       93%         4
 Starburst                Conj/Fire      6%         6d4       100%        6
 Maxwell's Capacitive Co  Air            1%         ∞         100%        8


Dungeon Overview and Level Annotations

Branches:
Dungeon (4/15)
 Temple: D:4-7

Altars:
Okawaru


Message History

The goblin shouts!
The ogre shouts!
Casting: Ensorcelled Hibernation (safe; 8% risk of failure)
Confirm with . or Enter, or press ? or * to list all spells.
Casting: Dazzling Flash (dangerous; 9% risk of failure)
Press: ? - help, Dir - look around, f - activate You miscast Dazzling Flash.
You are very lightly contaminated with residual magic.
Nothing appears to happen.
The ogre closely misses you.
Unknown command.
Casting: Dazzling Flash (dangerous; 9% risk of failure)
Confirm with . or Enter, or press ? or * to list all spells.
Casting: Dazzling Flash (dangerous; 9% risk of failure)
Press: ? - help, Dir - look around, f - activate The goblin is dazzled.
The ogre hits you with a +0 giant club. The goblin barely misses you.
Unknown command.
Casting: Dazzling Flash (dangerous; 9% risk of failure)
Confirm with . or Enter, or press ? or * to list all spells.
You miscast Confusing Touch.
Nothing appears to happen.
The goblin hits you but does no damage.
Casting: Confusing Touch (dangerous; 9% risk of failure)
Confirm with . or Enter, or press ? or * to list all spells.
You miscast Confusing Touch.
Nothing appears to happen.
The ogre hits you with a +0 giant club! The goblin barely misses you.
Unknown command.
Casting: Confusing Touch (dangerous; 9% risk of failure)
Confirm with . or Enter, or press ? or * to list all spells.
Your hands begin to glow red.
The ogre barely misses you. The goblin misses you.
You completely miss the ogre. You hit the ogre but do no damage.
The goblin misses you. The ogre closely misses you.
You barely miss the ogre. The goblin completely misses you.
The ogre closely misses you.
You barely miss the ogre.
The goblin is no longer blind.
You hit the ogre but do no damage. The goblin closely misses you.
The ogre hits you with a +0 giant club!!
Ouch! That really hurt!
You die...

.......#.##.#....###. ..
.......# ###)......# .
....####.......... ##.
#...##........... .#...
#..#....<....... .....##
#...............
#...##..###..........
#.......#..#....(...
#$.@##.....##..##..#
#....gO...............#
...............##.##..##
..........###...##.##. #
..........# #.....#. #
........... ##.....###
.....#...... #......#.
.#...#....... ####....
#....<..


You could see an ogre and a goblin.

Vanquished Creatures
  Sigmund (D:2)
  An orc priest (D:3)
  An iguana (D:4)
  Jessica (D:2)
  A sleepcap (D:3)
  3 adders
  3 worms
  A dart slug (D:4)
  6 orcs
  3 ball pythons
  2 bats
  An endoplasm (D:1)
  2 giant cockroaches (D:2)
  7 goblins
  A frilled lizard (D:2)
  9 kobolds
  8 rats
51 creatures vanquished.

Notes
Turn   | Place    | Note
-------+----------+-------------------------------------------
     0 | D:1      | horus123 the Deep Elf Enchanter began the quest for the
                  | Orb.
     0 | D:1      | Reached XP level 1. HP: 10/10 MP: 6/6
   282 | D:1      | Reached skill level 1 in Fighting
   754 | D:2      | Reached XP level 2. HP: 17/17 MP: 8/8
   994 | D:2      | Learned a level 2 spell: Ensorcelled Hibernation
  1177 | D:2      | Noticed Jessica
  1182 | D:2      | Killed Jessica
  1183 | D:2      | Reached XP level 3. HP: 21/21 MP: 9/9
  1242 | D:2      | Noticed Sigmund
  1255 | D:2      | Learned a level 3 spell: Dazzling Flash
  1259 | D:2      | Learned a level 3 spell: Confusing Touch
  1304 | D:2      | Reached XP level 4. HP: 26/26 MP: 10/10
  1443 | D:2      | HP: 1/26 [Sigmund/puff of flame (11)]
  1665 | D:2      | Killed Sigmund
  1666 | D:2      | Reached XP level 5. HP: 27/30 MP: 11/11
  1982 | D:3      | Reached XP level 6. HP: 25/32 MP: 12/12
  2191 | D:3      | Found an iron altar of Okawaru.
  2599 | D:3      | Reached skill level 5 in Conjurations
  3024 | D:4      | Reached skill level 5 in Hexes
  3053 | D:4      | Slain by an ogre

Illustrated notes

Levels and vault maps discovered:
D:1:      nicolae_arrival_memento_mori, layout_basic,
          chequers_serial_rivers_room_b
D:2:      layout_basic, uniq_jessica, uniq_sigmund
D:3:      layout_loops_corners, overflow_temple_1_default, kennysheep_boxes
D:4:      layout_cave_pools, kennysheep_slug_shrine, temple_doors_e,
          chequers_avenue, eino_small_chamber_without_monster,
          minmay_misc_feat_five, minmay_misc_feat_iff,
          kennysheep_generic_room_13, uniq_pikel

Skill      XL: |  1  2  3  4  5  6 |
---------------+-------------------+-----
Fighting       | 1 2 |  2.0
Ice Magic      | 2 |  2.6
Conjurations   | 4 5 |  5.0
Hexes          | 5 |  5.0
Short Blades   | |  1.0
Dodging        | |  2.4
Stealth        | |  3.6
Spellcasting   | |  3.0

Action                     |  1- 3 |  4- 6 || total
---------------------------+-------+-------++-------
  Melee: Dagger            |    51 |    30 ||    81
         Short sword       |       |    43 ||    43
   Cast: Ensorcelled Hiber |     9 |    34 ||    43
         Confusing Touch   |       |     2 ||     2
         Dazzling Flash    |       |     3 ||     3
    Use: Scroll            |     7 |     2 ||     9
   Stab: Sleeping          |    11 |    23 ||    34
 Armour: Robe              |    20 |    28 ||    48
         Leather armour    |       |    19 ||    19
  Dodge: Dodged            |    21 |    64 ||    85

Table legend: (Time is in decaauts)
 A = Elapsed time spent in this place.
 B = Non-inter-level travel time spent in this place.
 C = Inter-level travel time spent in this place.
 D = Time resting spent in this place.
 E = Time spent auto-exploring this place.
 F = Levels seen in this place.
 G = Mean time per level.
                   A        B        C        D        E       F      G
               +--------+--------+--------+--------+--------+-----+--------+
         Total |   3049 |   3027 |     22 |    440 |   2010 |   4 |  762.2 |
       Dungeon |   3049 |   3027 |     22 |    440 |   2010 |   4 |  762.2 |
               +--------+--------+--------+--------+--------+-----+--------+

Top non-repeatable levels by time:
     D:3: 1026 daAuts
     D:1: 957 daAuts
     D:2: 870 daAuts
     D:4: 194 daAuts
